 Dungeon Crawl Stone Soup version 0.22.0-38-g04b72b8 (webtiles) character file.

111 Marcoleric the Digger (level 4, -2/39 HPs)
             Began as a Troll Earth Elementalist on Aug 27, 2018.
             Slain by a gnoll
             ... wielding a +0 halberd
              (8 damage)
             ... on level 3 of the Dungeon.
             The game lasted 00:06:30 (1232 turns).

Marcoleric the Digger (Troll Earth Elementalist)    Turns: 1232, Time: 00:06:30

Health: -2/39      AC:  6    Str: 16    XL:     4   Next: 62%
Magic:  5/5        EV: 10    Int: 12    God:
Gold:   70         SH:  0    Dex: 10    Spells: 3/6 levels left

rFire    . . .     SeeInvis .     - Unarmed
rCold    . . .     Gourm    +   (no shield)
rNeg     . . .     Faith    .   c - +1 robe
rPois    .         Spirit   .   (helmet restricted)
rElec    .         Reflect  .   (no cloak)
rCorr    .         Harm     .   (gloves unavailable)
MR       .....                  (boots unavailable)
Stlth    +.........             (no amulet)
HPRegen  0.53/turn              (no ring)
MPRegen  0.09/turn              (no ring)

@: lethally poisoned (-2 -> -3)
A: large, unfitting armour, claws 3, fast metabolism 3, gourmand, regeneration
1, shaggy fur 1, tough skin 2
a: no special abilities


You were on level 3 of the Dungeon.
You were not hungry.

You visited 1 branch of the dungeon, and saw 3 of its levels.

You collected 70 gold pieces.

Inventory:

Missiles
 b - 104 stones (quivered)
Armour
 c - a +1 robe (worn)
Jewellery
 a - a cursed amulet of inaccuracy
 g - an uncursed ring of protection from cold
Scrolls
 e - a scroll of teleportation
 f - a scroll of blinking {unknown}
 i - a scroll of identify
Comestibles
 d - 5 rations


   Skills:
 + Level 0.2 Fighting
 + Level 2.4 Dodging
 + Level 1.3 Stealth
 + Level 2.0 Unarmed Combat
 + Level 1.5 Spellcasting
 + Level 0.6 Transmutations
 + Level 3.3 Earth Magic


You had 3 spell levels left.
You knew the following spells:

 Your Spells              Type           Power        Failure   Level  Hunger
a - Sandblast             Erth           #.....       8%          1    ##.....
b - Passwall              Tmut/Erth      #.......     19%         2    ###....

Your spell library contained the following spells:

 Spells                   Type           Power        Failure   Level  Hunger
 Stone Arrow              Conj/Erth      #.....       41%         3    ####...
 Petrify                  Tmut/Erth      #.......     77%         4    #####..
 Lee's Rapid Deconstruct  Erth           #.........   90%         5    ######.


Dungeon Overview and Level Annotations

Branches:
Dungeon (3/15)

Altars:


Innate Abilities, Weirdness & Mutations

You are too large for most types of armour.
You have claws for hands.
Your metabolism is lightning-fast.
You like to eat raw meat.
Your natural rate of healing is unusually fast.
You are covered in fur. (AC +1)
You have very tough skin. (AC +2)


Message History

You claw the gnoll!
You kill the gnoll!
Your Unarmed Combat skill increases to level 2!
The gnoll hits you from afar with a halberd.
The adder bites you.
You are poisoned.
The adder poisons you!
You completely miss the adder.
You feel sick.
The gnoll hits you from afar with a halberd!
* * * LOW HITPOINT WARNING * * *
The adder bites you but does no damage.
You barely miss the adder. The adder closely misses you.
The gnoll hits you from afar with a halberd.
* * * LOW HITPOINT WARNING * * *
You closely miss the adder.
You feel sick. The adder closely misses you. The adder bites you.
* * * LOW HITPOINT WARNING * * *
It was a potion of magic.
Magic courses through your body.
The gnoll hits you from afar with a halberd!
You die...

#.# #.# #.# #+## #.#
#...# ###.## #.....
#....## #......
.######.#...####)......
............@Sgg....$..
######.#..>####.......
#.##.## #......
#.##########.....
#.........# #...#
#..######.# #'##
#.....# #.# .# ##.##.#
#.# # #<##.# #.#


You could see a gnoll, an adder and a hobgoblin.

Vanquished Creatures
  2 adders (D:2)
  3 gnolls (D:3)
  2 oozes (D:1)
  2 worms (D:2)
  2 dart slugs
  An orc (D:2)
  3 ball pythons (D:1)
  A giant cockroach (D:1)
  5 hobgoblins
  6 jackals
  4 kobolds
  2 quokkas (D:2)
  4 bats
  2 frilled lizards
  2 goblins
  7 rats
48 creatures vanquished.

Notes
Turn   | Place    | Note
-------+----------+-------------------------------------------
     0 | D:1      | Marcoleric the Troll Earth Elementalist began the quest for the Orb.
     0 | D:1      | Reached XP level 1. HP: 16/16 MP: 1/1
    41 | D:1      | Reached skill level 3 in Earth Magic
   133 | D:1      | Reached XP level 2. HP: 19/24 MP: 0/2
   230 | D:1      | Learned a level 2 spell: Passwall
   355 | D:1      | Reached XP level 3. HP: 31/31 MP: 4/4
   713 | D:2      | Reached skill level 1 in Unarmed Combat
   955 | D:2      | Reached XP level 4. HP: 39/39 MP: 5/5
  1232 | D:3      | Slain by a gnoll

Skill      XL: |  1  2  3  4 |
---------------+-------------+-----
Earth Magic    | 3 |  3.3
Dodging        | 2 |  2.4
Unarmed Combat | 1 2 |  2.0
Fighting       | |  0.2
Stealth        | |  1.3
Spellcasting   | |  1.5
Transmutations | |  0.6

Action                   |  1- 3 |  4- 6 || total
-------------------------+-------+-------++-------
Melee: Unarmed           |   114 |    21 ||   135
 Cast: Sandblast         |     4 |       ||     4
  Use: Scroll            |     9 |       ||     9
       Potion            |     1 |     1 ||     2
 Stab: Sleeping          |     3 |       ||     3
  Eat: Chunk             |     9 |       ||     9
Armor: Robe              |    51 |     6 ||    57
Dodge: Dodged            |    77 |    10 ||    87
